 Dungeon Crawl Stone Soup version 0.28-a0-1382-g92835e5c71 (webtiles) character file.

Game seed: 14690472042336264985

37 ytrimaz the Insei (level 3, -1/23 HPs)
             Began as an Octopode Transmuter on Jan 1, 2022.
             Slain by a hound (4 damage)
             ... on level 3 of the Dungeon.
             The game lasted 00:01:25 (1464 turns).

ytrimaz the Insei (Octopode Transmuter)             Turns: 1464, Time: 00:01:25

Health: -1/23      AC:  1    Str:  9    XL:     3   Next: 39%
Magic:  4/6        EV: 13    Int: 17    God:
Gold:   54         SH:  0    Dex: 12    Spells: 0/6 levels left

rFire   . . .      SeeInvis .     - Unarmed
rCold   . . .      Faith    .   (no shield)
rNeg    . . .      Spirit   .   (helmet restricted)
rPois   .          Reflect  .   (no amulet)
rElec   .          Harm     .   (no ring)
rCorr   .          Rampage  .   (no ring)
Will    .....                   (no ring)
Stlth   ++........              (no ring)
HPRegen 0.07/turn               (no ring)
MPRegen 0.10/turn               (no ring)
                                (no ring)
                                (no ring)

@: wereblooded
A: almost no armour, amphibious, 8 rings, camouflage 1, gelatinous body 1,
(nimble swimmer 1), tentacles
a: no special abilities


You were on level 3 of the Dungeon.
You visited 1 branch of the dungeon, and saw 3 of its levels.

You collected 54 gold pieces.

Inventory:

Scrolls
 b - a scroll of vulnerability
 c - a scroll of fear {unknown}


   Skills:
 * Level 1.4 Fighting
 * Level 2.4 Dodging
 + Level 3.3 Unarmed Combat
 * Level 2.3 Spellcasting
 * Level 2.4 Transmutations


You couldn't memorise any spells.
You knew the following spells:

 Your Spells              Type           Power      Damage    Failure   Level
a - Beastly Appendage     Tmut           20%        N/A       7%          1
b - Wereblood             Tmut           10%        N/A       11%         2
c - Spider Form           Tmut/Pois      6%         N/A       34%         3

Your spell library contained the following spells:

 Spells                   Type           Power      Damage    Failure   Level
 Ice Form                 Ice/Tmut       6%         N/A       75%         4


Dungeon Overview and Level Annotations

Branches:
Dungeon (2/15)

Altars:


Innate Abilities, Weirdness & Mutations

You cannot wear most types of armour.
You are amphibious.
You can wear up to eight rings at the same time.
Your skin changes colour to match your surroundings (Stealth+).
Your rubbery body absorbs attacks. (AC +1, EV +1)
((You are camouflaged when in or above water. (Stealth+)))
You have tentacles for arms and can constrict up to eight enemies at once.


Message History

HP restored.
You now have 54 gold pieces (gained 11).
You open the door.
There is an open door here.
A bat comes into view.
A bat is nearby!
A bat is nearby!
One of your tentacles grows a vicious spike.
A hound comes into view.
The hound barks!
An orc comes into view. It is wielding a +0 dagger.
You closely miss the bat.
The orc shouts!
You grab the bat. You constrict the bat. The bat closely misses you.
The bat escapes!
The bat barely misses you. The bat closely misses you.
The hound barely misses you.
Your transformation is almost over.
The bat barely misses you. The hound bites you. The bat closely misses you.
The bat closely misses you. The hound barely misses you. The bat hits you.
You miss the bat. Your grab misses the bat.
You pierce the bat.
You kill the bat!
You barely miss the hound. You grab the hound.
You pierce the hound, but do no damage.
You constrict the hound. The hound bites you.
You release your grip on the hound.
The hound closely misses you.
There is an open door here.
Casting: Beastly Appendage (safe; 7% risk of failure)
Confirm with . or Enter, or press ? or * to list all spells.
Your blood is infused with primal strength.
Your tentacle spike disappears.
The hound bites you. x2
* * * LOW HITPOINT WARNING * * *
Unknown command.
You tentacle-slap the hound. Your grab misses the hound.
The hound is lightly wounded.
The hound bites you.
You die...

.# #####.### #.# #.# #
#.#######.# # # ##.........###
#. .# ##...#########.
#.#####.# ##.....## ##.
#.......###.......## ##..
####.#...####.........####...
...........oh@.........'......
####..#....###.........####...
#..##.#.# ##.......## ##.# #.
###.# ##.....## ### #. #.#
##...## # #.# ##+## #.# ..#


You could see a hound and an orc.

Vanquished Creatures
  2 dart slugs (D:1)
  4 bats
  An endoplasm (D:3)
  2 giant cockroaches (D:1)
  3 goblins (D:1)
  5 hobgoblins
  2 quokkas
  A ball python (D:1)
  9 frilled lizards (D:1)
  A kobold (D:1)
  3 rats
33 creatures vanquished.

Vanquished Creatures (others)
  7 plants (D:1)
7 creatures vanquished.

Grand Total: 40 creatures vanquished

Notes
Turn   | Place    | Note
-------+----------+-------------------------------------------
     0 | D:1      | ytrimaz the Octopode Transmuter began the quest for the
                  | Orb.
     0 | D:1      | Reached XP level 1. HP: 13/13 MP: 3/3
    92 | D:1      | Reached XP level 2. HP: 17/18 MP: 5/5
   109 | D:1      | Learned a level 2 spell: Wereblood
   714 | D:1      | Reached XP level 3. HP: 21/23 MP: 4/6
   718 | D:1      | Learned a level 3 spell: Spider Form
  1280 | D:2      | Found a faded altar of an unknown god.
  1384 | D:2      | You fall into a shaft and drop 1 floor!
  1464 | D:3      | Slain by a hound

Illustrated notes

Levels and vault maps discovered:
D:1:      lemuel_arrival_funnel, layout_basic, minmay_lizard_king
D:2:      layout_loops_corners, hellmonk_ecumenical_altar_inner_sanctum,
          pf_guarded_unrand_woodcutter
D:3:      minmay_diamond_boxcup, layout_loops_corners

Action                   || total
-------------------------++-------
Melee: Unarmed           ||    77
       Kick              ||    15
       Constrict         ||    18
       Tentacles         ||     9
 Cast: Beastly Appendage ||    22
       Wereblood         ||     1
  Use: Scroll            ||     3
 Stab: Sleeping          ||     7
Armor: Skin              ||    10
Dodge: Dodged            ||    55

Table legend: (Time is in decaauts)
 A = Elapsed time spent in this place.
 B = Non-inter-level travel time spent in this place.
 C = Inter-level travel time spent in this place.
 D = Time resting spent in this place.
 E = Time spent auto-exploring this place.
 F = Levels seen in this place.
 G = Mean time per level.
                   A        B        C        D        E       F      G
               +--------+--------+--------+--------+--------+-----+--------+
         Total |   1458 |   1410 |     48 |      0 |   1140 |   3 |  486.0 |
       Dungeon |   1458 |   1410 |     48 |      0 |   1140 |   3 |  486.0 |
               +--------+--------+--------+--------+--------+-----+--------+

Top non-repeatable levels by time:
     D:1: 1083 daAuts
     D:2: 296 daAuts
     D:3: 79 daAuts
